 Dungeon Crawl Stone Soup version 0.23.2-40-g277498a001 (webtiles) character file.

Game seed: 10958469939845842436

217 DildoBatman the Conjurer (level 5, -2/35 HPs)
             Began as a Demonspawn Wizard on Aug 17, 2019.
             Slain by a big kobold (4 damage)
             ... on level 5 of the Dungeon.
             The game lasted 00:10:54 (3323 turns).

DildoBatman the Conjurer (Demonspawn Wizard)        Turns: 3323, Time: 00:10:55

Health: -2/35      AC: 12    Str:  7    XL:     5   Next: 61%
Magic:  9/9        EV: 10    Int: 21    God:
Gold:   277        SH:  0    Dex: 11    Spells: 3/10 levels left

rFire    . . .     SeeInvis .   b - +0 falchion (flame)
rCold    . . .     Gourm    .   (no shield)
rNeg     . . .     Faith    .   F - +4 ring mail
rPois    .         Spirit   .   e - +0 hat
rElec    .         Reflect  .   (no cloak)
rCorr    +         Harm     .   (no gloves)
MR       .....                  (no boots)
Stlth    +.........             (no amulet)
HPRegen  0.11/turn              t - ring of resist corrosion
MPRegen  0.11/turn              (no ring)

@: no status effects
A: hooves 1, thin metallic scales 2, rot immunity
a: no special abilities


You were on level 5 of the Dungeon.
You were not hungry.

You visited 2 branches of the dungeon, and saw 6 of its levels.

You collected 277 gold pieces.

Inventory:

Hand Weapons
 a - a +0 hunting sling
 b - a +0 falchion of flaming (weapon)
Missiles
 h - 41 stones
 i - 67 arrows
 m - 4 javelins (quivered)
 p - 19 sling bullets
 w - 5 tomahawks
Armour
 c - a scarf of spirit shield
 e - a +0 hat (worn)
 F - a +4 ring mail (worn)
Jewellery
 t - a ring of resist corrosion (left hand)
Scrolls
 d - 7 scrolls of identify {unknown}
 f - 3 scrolls of immolation {unknown}
 j - a scroll of blinking {unknown}
 k - 6 scrolls of teleportation {unknown}
 l - 4 scrolls of remove curse {unknown}
 o - 2 scrolls of enchant weapon {unknown}
 u - a scroll of magic mapping {unknown}
 x - a scroll of amnesia {unknown}
 y - a scroll of noise {unknown}
Potions
 g - 2 potions of mutation {unknown}
 n - 5 potions of heal wounds {unknown}
 q - a potion of haste {unknown}
 r - a potion of cancellation {unknown}
 s - a potion of magic {unknown}
 z - a potion of curing {unknown}
 A - a potion of degeneration {unknown}
 B - a potion of flight {unknown}
 C - a potion of resistance {unknown}
 D - a potion of agility {unknown}
 E - a potion of might {unknown}
Comestibles
 v - 5 rations


   Skills:
 - Level 1.7 Dodging
 - Level 1.7 Stealth
 - Level 3.0 Spellcasting
 * Level 5.6 Conjurations
   Level 1.0 Summonings
   Level 0.8 Translocations


You had 3 spell levels left.
You knew the following spells:

 Your Spells              Type           Power        Failure   Level  Hunger
a - Conjure Flame         Conj/Fire      ###.....     41%         3    ###....
c - Magic Dart            Conj           ####         4%          1    None
e - Mephitic Cloud        Conj/Pois/Air  ##......     54%         3    ###....

Your spell library contained the following spells:

 Spells                   Type           Power        Failure   Level  Hunger
 Call Imp                 Summ           #.......     43%         2    ##.....
 Blink                    Tloc           N/A          45%         2    ##.....
 Slow                     Hex            #.......     56%         2    ##.....


Dungeon Overview and Level Annotations

Branches:
Dungeon (5/15)             Temple (1/1) D:5

Altars:
Ashenzari
Cheibriados
Dithmenos
Elyvilon
Fedhas
Gozag
Hepliaklqana
Makhleb
Okawaru
Qazlal
Ru
Sif Muna
Trog
Uskayaw
Vehumet
Wu Jian
Yredelemnul
The Shining One

Shops:
D:5 =

Annotations:
D:2 Jessica
D:4 exclusions: phantom and worker ant


Innate Abilities, Weirdness & Mutations

You have large cloven feet.
You are mostly covered in thin metallic scales. (AC +3)
You are immune to rotting.


Message History

The big kobold barely misses you. The big kobold hits you.
Your ring mail prevents you from hitting the big kobold.
The big kobold is almost dead.
The big kobold hits you.
You closely miss the big kobold. Your kick misses the big kobold.
The big kobold is almost dead.
The big kobold barely misses you.
You completely miss the big kobold.
You kick the big kobold, but do no damage.
The big kobold is almost dead.
The big kobold hits you but does no damage.
The big kobold misses you.
You closely miss the big kobold. You kick the big kobold.
The big kobold is almost dead.
The crimson imp blinks!
The big kobold hits you.
You die... ..(.. .(. .). .lK

#K# #K# #S# #K#
##### ##@###...#
#....#.#.#
#....#.#.####
#....###....#
##.#######รท###
####.#.........#
#....#.####....#
#.####.#..#....#
#><..#.......######


You could see a big kobold, an iguana, an adder and 3 kobolds.

Vanquished Creatures
  2 hounds
  A howler monkey skeleton (D:4)
  5 adders
  An ooze (D:1)
  4 worms
  A dart slug (D:3)
  6 leopard geckos
  6 orcs (D:3)
  10 bats
  3 giant cockroaches
  6 goblins
  6 hobgoblins
  A jackal (D:1)
  A quokka (D:4)
  4 frilled lizards
  7 kobolds
  13 rats
77 creatures vanquished.

Notes
Turn   | Place    | Note
-------+----------+-------------------------------------------
     0 | D:1      | DildoBatman the Demonspawn Wizard began the quest for the
                  | Orb.
     0 | D:1      | Reached XP level 1. HP: 13/13 MP: 4/4
   254 | D:1      | Reached skill level 2 in Conjurations
   287 | D:1      | Gained mutation: You are partially covered in thin metallic
                  | scales. (AC +2) [demonic ancestry]
   287 | D:1      | Reached XP level 2. HP: 12/19 MP: 6/6
   483 | D:1      | Reached skill level 3 in Conjurations
   606 | D:1      | Gained mutation: You have large cloven feet. [demonic
                  | ancestry]
   606 | D:1      | Reached XP level 3. HP: 24/24 MP: 4/7
   613 | D:1      | Learned a level 3 spell: Conjure Flame
   617 | D:1      | Learned a level 3 spell: Mephitic Cloud
  1065 | D:2      | Found an iron altar of Okawaru.
  1159 | D:2      | Noticed Jessica
  1299 | D:2      | Found a deep blue altar of Sif Muna.
  1599 | D:2      | Gained mutation: You are immune to rotting. [demonic
                  | ancestry]
  1599 | D:2      | Reached XP level 4. HP: 22/30 MP: 4/8
  1648 | D:3      | Reached skill level 4 in Conjurations
  2453 | D:4      | Gained mutation: You are mostly covered in thin metallic
                  | scales. (AC +3) [demonic ancestry]
  2453 | D:4      | Reached XP level 5. HP: 35/35 MP: 5/9
  2541 | D:4      | Reached skill level 5 in Conjurations
  2891 | D:5      | Entered Level 5 of the Dungeon
  2896 | D:5      | Noticed a phantom
  2941 | D:5      | Found Atiff's Jewellery Emporium.
  2967 | D:5      | Found a staircase to the Ecumenical Temple.
  2981 | Temple   | Entered the Ecumenical Temple
  3323 | D:5      | Slain by a big kobold

Skill      XL: |  1  2  3  4  5 |
---------------+----------------+-----
Conjurations   | 2 3 4 5 |  5.6
Dodging        | |  1.7
Stealth        | |  1.7
Spellcasting   | |  3.0
Summonings     | |  1.0
Translocations | |  0.8

Action                   |  1- 3 |  4- 6 || total
-------------------------+-------+-------++-------
Melee: Short sword       |     3 |       ||     3
       Falchion          |       |    25 ||    25
       Kick              |       |     6 ||     6
 Fire: Hunting sling     |    74 |    80 ||   154
 Cast: Magic Dart        |    52 |    52 ||   104
       Conjure Flame     |       |     1 ||     1
       Mephitic Cloud    |       |     2 ||     2
 Stab: Sleeping          |       |     1 ||     1
  Eat: Chunk             |     2 |     6 ||     8
Armor: Robe              |    14 |     7 ||    21
       Ring mail         |       |    24 ||    24
Dodge: Dodged            |    21 |    51 ||    72
       Rpst.: Falchion   |       |     4 ||     4
